 Dungeon Sprint DCSS version 0.19.1 (webtiles) character file.

59 equalderp2856 the Gouger (level 3, 0/19 HPs)
             Began as a Felid Fighter on Nov 29, 2016.
             Was a Follower of Kikubaaqudgha.
             Slain by a cyclops (16 damage)
             ... in the Dungeon (Sprint IX: "|||||||||||||||||||||||||||||").
             The game lasted 00:01:00 (424 turns).

equalderp2856 the Gouger (Felid Fighter)             Turns: 424, Time: 00:01:01

Health: 0/19       AC:  1    Str: 13    XL:     3   Next: 78%
Magic:  4/4        EV: 21    Int:  9    God:    Kikubaaqudgha [*.....]
Gold:   0          SH:  0    Dex: 15    Spells: 0 memorised, 2 levels left
                                        Lives:  0   Deaths: 1

rFire  . . .     SeeInvis +       - Unarmed
rCold  . . .     Gourm    .     (armour unavailable)
rNeg   . . .     Faith    .     (shield unavailable)
rPois  .         Spirit   .     (helmet unavailable)
rElec  .         Reflect  .     (cloak unavailable)
rCorr  .         Harm     .     (gloves unavailable)
MR     .....     NoTele   +     (boots unavailable)
Stlth  ++........               (no amulet)
                                (no ring)
                                (no ring)

@: quick
A: no armour, no weapons or thrown items, stealth, claws 1, fangs 3, see
invisible, carnivore 3, speed 1, shaggy fur 1, slow metabolism 1, sharp paws
a: Receive Corpses, Renounce Religion


You were in the Dungeon.
You worshipped Kikubaaqudgha.
Kikubaaqudgha was aware of your devotion.
You were not hungry.

You visited 1 branch

Inventory:

Jewellery
 m - a +3 ring of strength
 n - a +3 ring of intelligence
Wands
 l - a wand of acid (7/15)
Scrolls
 h - 2 scrolls of blinking
 j - 3 scrolls of remove curse
 k - 2 scrolls of amnesia
Potions
 a - a potion of might
 c - 5 potions of curing
 d - 3 potions of heal wounds
 e - a potion of haste
 f - 4 potions of magic
 g - a potion of berserk rage
 i - a potion of invisibility
Comestibles
 b - a meat ration


   Skills:
 + Level 4.9 Fighting
 + Level 6.3 Dodging
 + Level 1.1 Stealth
 + Level 8.8 Unarmed Combat


You had 2 spell levels left.
You didn't know any spells.

Dungeon Overview and Level Annotations

Branches:
Dungeon (1/1)

Altars:
Cheibriados
Dithmenos
Elyvilon
Fedhas
Gozag
Hepliaklqana
Kikubaaqudgha
Makhleb
Nemelex Xobeh
Okawaru
Qazlal
Ru
Sif Muna
Trog
Uskayaw
Vehumet
Xom
Yredelemnul
Zin
The Shining One
Beogh
Jiyva
Lugonu


Innate Abilities, Weirdness & Mutations

You cannot wear armour.
You are incapable of wielding weapons or throwing items.
Your paws allow you to move quietly. (Stealth)
You have sharp claws.
You have razor-sharp teeth.
You have supernaturally acute eyesight. (SInv)
You are carnivorous and can eat meat at any time.
You cover ground quickly.
You are covered in fur. (AC +1)
You have a slow metabolism.
Your sharp claws are effective at attacking unaware monsters.


Message History

You barely miss the adder skeleton.
The adder skeleton is almost destroyed.
The adder skeleton bites you.
You barely miss the adder skeleton.
The adder skeleton is almost destroyed.
You claw the cyclops! You claw the cyclops.
The cyclops is moderately wounded.
You scratch the cyclops but do no damage.
The cyclops is moderately wounded.
You scratch the cyclops. Your bite misses the cyclops.
The cyclops is moderately wounded.
The cyclops barely misses you.
You claw the cyclops!
The cyclops is heavily wounded.
You claw the cyclops!
The cyclops is almost dead.
The cyclops hits you!
Ouch! That really hurt!
You die...
Kikubaaqudgha rasps: "You have failed me!
Welcome... death!"

▓▓▓▓▓
▓...▓
▓.▓.▓
▓.▓@▓
▓.▓C▓
▓.▓Z▓
▓.▓o▓
▓.▓y▓
▓.▓5▓
▓.▓.▓
▓.▓+▓
▓.▓.▓


You could see a cyclops, an orc warrior, a killer bee, a crimson imp and an
adder skeleton.

Vanquished Creatures
  2 crimson imps (D)
  A hound (D)
  A shadow imp (D)
  3 orcs (D)
  A giant cockroach (D)
  3 goblins (D)
  A jackal (D)
  A kobold (D)
13 creatures vanquished.

Notes
Turn   | Place    | Note
-------+----------+-------------------------------------------
     0 | D        | equalderp2856 the Felid Fighter began the quest for the Orb.
     0 | D        | Reached XP level 1. HP: 10/10 MP: 2/2
    18 | D        | Noticed a crimson imp
    18 | D        | Noticed a hound
    18 | D        | Noticed a crimson imp
    20 | D        | Killed a crimson imp
    20 | D        | Reached skill level 5 in Dodging
    20 | D        | Reached skill level 6 in Unarmed Combat
    20 | D        | Reached XP level 2. HP: 12/15 MP: 3/3
    20 | D        | Reached XP level 3. HP: 15/18 MP: 4/4
    27 | D        | Reached skill level 1 in Stealth
    27 | D        | Reached skill level 7 in Unarmed Combat
    27 | D        | Reached XP level 4. HP: 10/22 MP: 5/5
    39 | D        | Reached skill level 8 in Unarmed Combat
   308 | D        | Found a roughly hewn altar of Beogh.
   308 | D        | Found a snail-covered altar of Cheibriados.
   308 | D        | Found a shadowy altar of Dithmenos.
   308 | D        | Found a white marble altar of Elyvilon.
   308 | D        | Found a blossoming altar of Fedhas.
   308 | D        | Found an opulent altar of Gozag.
   309 | D        | Found a hazy altar of Hepliaklqana.
   310 | D        | Found a viscous altar of Jiyva.
   311 | D        | Found an ancient bone altar of Kikubaaqudgha.
   312 | D        | Found a corrupted altar of Lugonu.
   313 | D        | Found a burning altar of Makhleb.
   314 | D        | Found a sparkling altar of Nemelex Xobeh.
   315 | D        | Found an iron altar of Okawaru.
   316 | D        | Found a stormy altar of Qazlal.
   317 | D        | Found a sacrificial altar of Ru.
   318 | D        | Found a deep blue altar of Sif Muna.
   319 | D        | Found a bloodstained altar of Trog.
   320 | D        | Found a hide-covered altar of Uskayaw.
   321 | D        | Found a radiant altar of Vehumet.
   325 | D        | Became a worshipper of Kikubaaqudgha
   329 | D        | Found a shimmering altar of Xom.
   330 | D        | Found a basalt altar of Yredelemnul.
   331 | D        | Found a glowing silver altar of Zin.
   332 | D        | Found a glowing golden altar of the Shining One.
   357 | D        | Noticed a two-headed ogre
   357 | D        | Noticed a hill giant
   357 | D        | Noticed an ice beast
   367 | D        | Annihilated by a hill giant
   368 | D        | Reached XP level 3. HP: -28/19 MP: 4/4
   413 | D        | Noticed a cyclops
   413 | D        | Noticed an orc warrior
   413 | D        | Noticed a killer bee
   415 | D        | Reached * piety under Kikubaaqudgha
   415 | D        | Identified Kikubaaqudgha's Tome of Evil Arts (Kikubaaqudgha gifted it to you in the Dungeon)
   415 | D        | Received a gift from Kikubaaqudgha
   424 | D        | Slain by a cyclops

Skill      XL: |  1  2  3  4 |
---------------+-------------+-----
Fighting       | 4 |  4.9
Dodging        | 5 6 |  6.3
Unarmed Combat | 6 7 8 |  8.8
Stealth        | 1 |  1.1

Action                   |  1- 3 |  4- 6 || total
-------------------------+-------+-------++-------
Melee: Unarmed           |    26 |    19 ||    45
       Punch             |     1 |       ||     1
       Bite              |       |     2 ||     2
 Stab: Sleeping          |     2 |       ||     2
Dodge: Dodged            |    11 |    13 ||    24
